Wild vs BlackHawks

Created - January 9, 2017 at 20:20

Goals
1 2 3 T
Wild 1 1 0 2
BlackHawks 2 2 0 4
Shots
1 2 3 T
Wild 12 3 14 29
BlackHawks 15 13 3 31

1st period

1. BlackHawks , Shane Doan 12 (Jack Eichel) at 5:31
2. Wild , Dustin Brown 11 (Alex Biega, Dennis Wideman) at 16:03
3. BlackHawks , Kris Letang 5 (Sam Bennett) at 19:57 (PP)

Penalties :
Dion Phaneuf (CHI) for Tripping (Minor) at 2:27, Trevor Lewis (CHI) for Holding (Minor) at 3:03, Peter Holland (MIN) for Cross-checking (Minor) at 8:44, Eric Staal (MIN) for Hooking (Minor) at 19:19

2nd period

4. BlackHawks , Jason Chimera 7 (Olli Maatta, Adam McQuaid) at 7:50
5. BlackHawks , Alex Galchenyuk 18 (John-Michael Liles) at 12:47
6. Wild , Tanner Pearson 12 (Alexander Edler, Kyle Okposo) at 16:58 (PP)

Penalties :
Steve Ott (CHI) for High sticking (Minor) at 1:56, Shane Doan (CHI) for Goalie Interference (Minor) at 15:49, Tom Wilson (CHI) for Interference (Minor) at 17:55

3rd period

No Goal

Penalties :
Michael McCarron (CHI) for Diving (Minor) at 9:01, Shane Doan (CHI) for Holding (Minor) at 13:50, Kyle Okposo (MIN) for Hooking (Minor) at 17:33

Goalie Stats

James Reimer (MIN), 27 saves from 31 shots - (0.871), L, 17-15-6, 60:00 minutes
Craig Anderson (CHI), 27 saves from 29 shots - (0.931), W, 14-15-3, 60:00 minutes

Players Stats for Wild

Player Name              G  A  P  +/- PIM S  H  SB GA TA FO     MP     PP MP  PK MP  
------------------------------------------------------------------------------------
Alex Biega               0  1  1   0  0   0  2  0  0  0  0/0    12:01   0:00   2:42 
Alexander Edler          0  1  1   0  0   0  4  1  0  0  0/0    24:32   5:54   0:34 
Carl Gunnarsson          0  0  0   0  0   1  1  2  0  0  0/0    20:29   0:00   2:25 
Dennis Wideman           0  1  1   0  0   1  0  1  0  0  0/0    11:13   0:00   1:54 
Dustin Brown             1  0  1   0  0   2  1  1  0  0  0/1    12:53   0:00   1:28 
Eric Staal               0  0  0  -1  2   5  5  0  0  0  21/35  22:03   5:26   0:27 
Jason Pominville         0  0  0  -1  0   4  1  0  0  0  0/1    22:01   5:26   0:24 
Jason Spezza             0  0  0  -1  0   1  0  1  0  0  10/34  22:22   6:14   0:00 
Jeff Petry               0  0  0  -2  0   1  5  2  0  0  0/0    23:44   5:46   1:37 
Kyle Okposo              0  1  1  -1  2   2  1  0  0  0  1/3    22:21   6:14   0:00 
Marian Gaborik           0  0  0  -1  0   2  0  0  0  0  1/1    21:37   5:26   0:00 
Mark Streit              0  0  0  -2  0   0  1  2  0  0  0/0    22:15   5:54   0:00 
Markus Granlund          0  0  0  -1  0   0  1  0  0  0  5/9     6:06   0:00   3:06 
Mason Raymond            0  0  0  -1  0   0  0  1  0  0  0/1     6:06   0:00   3:06 
Peter Holland            0  0  0   1  2   1  0  0  0  0  7/8     9:05   0:00   0:41 
Sven Baertschi           0  0  0   1  0   4  0  0  0  0  0/0     8:25   0:00   0:00 
Tanner Pearson           1  0  1  -1  0   2  3  0  0  0  2/2    22:22   6:14   0:00 
Taylor Fedun             0  0  0   0  0   3  0  0  0  0  0/0     5:46   5:46   0:00 

Players Stats for BlackHawks

Player Name              G  A  P  +/- PIM S  H  SB GA TA FO     MP     PP MP  PK MP  
------------------------------------------------------------------------------------
Adam McQuaid             0  1  1   0  0   1  4  2  0  0  0/0    21:15   0:00   6:00 
Alex Galchenyuk          1  0  1   1  0   4  3  0  0  0  13/29  19:08   2:38   3:21 
Artemi Panarin           0  0  0   1  0   2  1  0  0  0  1/1    16:21   2:38   0:34 
Deryk Engelland          0  0  0   2  0   0  1  0  0  0  0/0    15:48   0:00   3:43 
Dion Phaneuf             0  0  0   0  2   1  3  5  0  0  0/0    23:31   2:14   4:54 
Jack Eichel              0  1  1   1  0   3  0  0  0  0  10/19  15:10   1:58   0:00 
Jason Chimera            1  0  1   1  0   2  0  0  0  0  1/1    11:30   0:17   0:00 
John-Michael Liles       0  1  1   2  0   0  0  1  0  0  0/0    15:10   2:22   0:43 
Kris Letang              1  0  1   0  0   2  4  1  0  0  0/0    24:30   2:14   5:52 
Michael McCarron         0  0  0  -1  2   0  3  0  0  0  0/0     6:09   0:00   0:00 
Olli Maatta              0  1  1   0  0   1  0  1  0  0  0/0    23:28   2:22   5:51 
Patrik Elias             0  0  0   1  0   3  1  0  0  0  1/3    15:54   1:58   0:44 
Phil Kessel              0  0  0   1  0   4  0  0  0  0  1/2    15:47   2:38   0:00 
Sam Bennett              0  1  1   1  0   3  2  0  0  0  7/13   12:54   1:41   0:00 
Shane Doan               1  0  1   1  4   4  6  0  0  0  0/1    13:10   0:00   0:00 
Steve Ott                0  0  0  -1  2   1  1  0  0  0  9/17   11:24   0:00   5:15 
Tom Wilson               0  0  0   1  2   0  5  0  0  0  2/4    16:14   0:00   5:02 
Trevor Lewis             0  0  0  -1  2   0  0  0  0  0  3/5     9:27   0:00   3:17 

3 Stars

1 - Alex Galchenyuk (CHI)
2 - Kris Letang (CHI)
3 - Jason Chimera (CHI)

Power Play

Wild - 1 on 7 Attempt(s) - 14.29%
BlackHawks - 1 on 3 Attempt(s) - 33.33%

Penalty Kill

Wild - 2 on 3 Attempt(s) - 66.67% - Score 0 goal in Penalty Kill
BlackHawks - 6 on 7 Attempt(s) - 85.71% - Score 0 goal in Penalty Kill

Team Stat

Wild - Hits : 25 - Faceoff Wins : 47 - Blocked Shots : 11 - Penalty Minutes : 6
BlackHawks - Hits : 34 - Faceoff Wins : 48 - Blocked Shots : 10 - Penalty Minutes : 14

Official

Referees : Evgeny Romasko and Dave Jackson
Linesman : Mike Cvik and Scott Driscoll

Game Notes

No Game Note

Finance

Level 1 -- Attendance: 6073 (93.43%) -- Ticket Income $668,030
Level 2 -- Attendance: 5000 (100.00%) -- Ticket Income $375,000
Level 3 -- Attendance: 2926 (83.60%) -- Ticket Income $163,856
Level 4 -- Attendance: 2859 (76.92%) -- Ticket Income $114,360
Luxury Box -- Attendance: 958 (95.80%) -- Ticket Income $190,642
Game was played at the United Center.
Total Attendance: 17816 (90.36%)
Total Ticket Income: $1,511,888
Other Income: $226,783
Total Income: $1,738,671

% Time on Ice - Wild

Lines # - Real PCT - Wanted PCT - Time Play
Normal Forward
1 - 37% - 40% - 16:08
2 - 37% - 40% - 16:11
3 - 19% - 16% - 8:25
4 - 7% - 4% - 3:00
Normal Defense
1 - 41% - 45% - 18:04
2 - 37% - 35% - 16:21
3 - 21% - 15% - 9:19
4 - 0% - 5% - 0:00
PP Forward
1 - 53% - 50% - 6:14
2 - 47% - 50% - 5:26
PP Defense
1 - 51% - 50% - 5:54
2 - 49% - 50% - 5:46
PK Forward
1 - 68% - 58% - 3:08
2 - 32% - 42% - 1:28
PK Defense
1 - 59% - 53% - 2:42
2 - 41% - 47% - 1:54
PK3 Forward
1 - 0% - 50%
2 - 0% - 50%
PK3 Defense
1 - 0% - 55%
2 - 0% - 45%
44 Forward
1 - 0% - 55%
2 - 0% - 45%
44 Defense
1 - 0% - 55%
2 - 0% - 45%
Last Minute Offensive  - 0:00
Last Minute Defensive  - 0:00
Total
Forward - 60:00
Defense - 60:00

% Time on Ice - BlackHawks

Lines # - Real PCT - Wanted PCT - Time Play
Normal Forward
1 - 30% - 30% - 13:09
2 - 30% - 28% - 13:12
3 - 26% - 26% - 11:13
4 - 14% - 16% - 6:10
Normal Defense
1 - 38% - 37% - 16:24
2 - 35% - 34% - 15:15
3 - 28% - 29% - 12:05
4 - 0% - 0% - 0:00
PP Forward
1 - 57% - 55% - 2:38
2 - 43% - 45% - 1:58
PP Defense
1 - 49% - 55% - 2:14
2 - 51% - 45% - 2:22
PK Forward
1 - 64% - 55% - 6:34
2 - 36% - 45% - 3:43
PK Defense
1 - 51% - 50% - 5:13
2 - 49% - 50% - 5:04
PK3 Forward
1 - 25% - 50% - 0:21
2 - 75% - 50% - 1:02
PK3 Defense
1 - 0% - 55% - 0:00
2 - 100% - 45% - 1:23
44 Forward
1 - 0% - 55%
2 - 0% - 45%
44 Defense
1 - 0% - 55%
2 - 0% - 45%
Last Minute Offensive  - 0:00
Last Minute Defensive  - 0:00
Total
Forward - 60:00
Defense - 60:00

Play by Play

1st period


0:01 of 1st period - Alex Galchenyuk wins face-off versus Jason Spezza in neutral zone.
0:12 of 1st period - Shot by Alex Galchenyuk.
0:12 of 1st period - Stopped by James Reimer without a rebound.
0:13 of 1st period - Jack Eichel wins face-off versus Eric Staal in Wild zone.
0:18 of 1st period - Shot by Patrik Elias.
0:18 of 1st period - Stopped by James Reimer without a rebound.
0:19 of 1st period - Sam Bennett wins face-off versus Peter Holland in Wild zone.
0:43 of 1st period - Shot by Dennis Wideman.
0:43 of 1st period - Shot Blocked by John-Michael Liles.
1:14 of 1st period - Olli Maatta is hit by Dustin Brown and loses puck.
1:24 of 1st period - Jack Eichel is hit by Alexander Edler and loses puck.
2:00 of 1st period - Shot by Phil Kessel.
2:00 of 1st period - Stopped by James Reimer without a rebound.
2:01 of 1st period - Jason Spezza wins face-off versus Steve Ott in Wild zone.
2:01 of 1st period - Jason Spezza is hit by Steve Ott.
2:18 of 1st period - Jason Spezza is hit by Dion Phaneuf.
2:24 of 1st period - Shot by Jason Spezza.
2:24 of 1st period - Stopped by Craig Anderson with a rebound.
2:27 of 1st period - Minor Penalty to Dion Phaneuf for Tripping.
2:28 of 1st period - Eric Staal wins face-off versus Steve Ott in BlackHawks zone.
2:49 of 1st period - Shot by Taylor Fedun.
2:49 of 1st period - Stopped by Craig Anderson with a rebound.
2:51 of 1st period - Shot by Taylor Fedun.
2:51 of 1st period - Shot Misses the Net.
2:53 of 1st period - Shot by Marian Gaborik.
2:53 of 1st period - Stopped by Craig Anderson without a rebound.
2:54 of 1st period - Trevor Lewis wins face-off versus Jason Spezza in BlackHawks zone.
3:03 of 1st period - Minor Penalty to Trevor Lewis for Holding.
3:04 of 1st period - Alex Galchenyuk wins face-off versus Jason Spezza in BlackHawks zone.
3:27 of 1st period - Adam McQuaid is hit by Tanner Pearson and loses puck.
4:07 of 1st period - Shot by Jason Pominville.
4:07 of 1st period - Shot Misses the Net.
4:09 of 1st period - Shot by Eric Staal.
4:09 of 1st period - Shot Misses the Net.
4:11 of 1st period - Shot by Marian Gaborik.
4:11 of 1st period - Shot Misses the Net.
4:13 of 1st period - Shot by Taylor Fedun.
4:13 of 1st period - Shot Misses the Net.
4:15 of 1st period - Shot by Marian Gaborik.
4:15 of 1st period - Stopped by Craig Anderson without a rebound.
4:16 of 1st period - Steve Ott wins face-off versus Eric Staal in BlackHawks zone.
4:25 of 1st period - Adam McQuaid is hit by Jason Pominville and loses puck.
4:43 of 1st period - Icing by Jason Pominville.
4:44 of 1st period - Eric Staal wins face-off versus Alex Galchenyuk in Wild zone.
5:01 of 1st period - Shot by Jeff Petry.
5:01 of 1st period - Stopped by Craig Anderson with a rebound.
5:03 of 1st period - Shot by Jason Pominville.
5:03 of 1st period - Stopped by Craig Anderson without a rebound.
5:04 of 1st period - Tom Wilson wins face-off versus Jason Spezza in BlackHawks zone.
5:25 of 1st period - Shot by Jason Chimera.
5:25 of 1st period - Shot Misses the Net.
5:27 of 1st period - Shot by Dion Phaneuf.
5:27 of 1st period - Stopped by James Reimer without a rebound.
5:28 of 1st period - Jack Eichel wins face-off versus Markus Granlund in Wild zone.
5:31 of 1st period - Shot by Shane Doan.
5:31 of 1st period - Goal by Shane Doan - Wild : 0 - BlackHawks : 1.
5:32 of 1st period - Eric Staal wins face-off versus Alex Galchenyuk in neutral zone.
5:35 of 1st period - Deryk Engelland is hit by Eric Staal and loses puck.
5:45 of 1st period - Icing by John-Michael Liles.
5:46 of 1st period - Tanner Pearson wins face-off versus Alex Galchenyuk in BlackHawks zone.
6:02 of 1st period - Off-side.
6:03 of 1st period - Eric Staal wins face-off versus Jack Eichel in neutral zone.
6:10 of 1st period - Shot by Eric Staal.
6:10 of 1st period - Stopped by Craig Anderson without a rebound.
6:11 of 1st period - Eric Staal wins face-off versus Alex Galchenyuk in BlackHawks zone.
6:18 of 1st period - Shot by Marian Gaborik.
6:18 of 1st period - Shot Misses the Net.
6:20 of 1st period - Shot by Marian Gaborik.
6:20 of 1st period - Shot Blocked by Kris Letang.
6:22 of 1st period - Shot by Eric Staal.
6:22 of 1st period - Stopped by Craig Anderson without a rebound.
6:23 of 1st period - Jason Spezza wins face-off versus Jack Eichel in BlackHawks zone.
6:31 of 1st period - Shot by Shane Doan.
6:31 of 1st period - Shot Misses the Net.
6:33 of 1st period - Shot by Jack Eichel.
6:33 of 1st period - Stopped by James Reimer without a rebound.
6:34 of 1st period - Alex Galchenyuk wins face-off versus Eric Staal in Wild zone.
7:11 of 1st period - Alex Galchenyuk is hit by Carl Gunnarsson and loses puck.
7:19 of 1st period - Alex Galchenyuk is hit by Alexander Edler.
7:55 of 1st period - Shot by Jack Eichel.
7:55 of 1st period - Stopped by James Reimer without a rebound.
7:56 of 1st period - Sam Bennett wins face-off versus Jason Spezza in Wild zone.
8:00 of 1st period - Jason Chimera is hit by Jeff Petry and loses puck.
8:44 of 1st period - Minor Penalty to Peter Holland for Cross-checking.
8:45 of 1st period - Jack Eichel wins face-off versus Markus Granlund in Wild zone.
9:47 of 1st period - Carl Gunnarsson is hit by Alex Galchenyuk and loses puck.
10:27 of 1st period - Shot by Kris Letang.
10:27 of 1st period - Stopped by James Reimer without a rebound.
10:28 of 1st period - Alex Galchenyuk wins face-off versus Mason Raymond in Wild zone.
10:53 of 1st period - Shot by Steve Ott.
10:53 of 1st period - Stopped by James Reimer without a rebound.
10:54 of 1st period - Steve Ott wins face-off versus Eric Staal in Wild zone.
11:19 of 1st period - Shot by Trevor Lewis.
11:19 of 1st period - Shot Misses the Net.
11:21 of 1st period - Shot by Steve Ott.
11:21 of 1st period - Shot Misses the Net.
11:23 of 1st period - Shot by Trevor Lewis.
11:23 of 1st period - Shot Misses the Net.
11:25 of 1st period - Shot by Michael McCarron.
11:25 of 1st period - Shot Misses the Net.
11:27 of 1st period - Shot by Olli Maatta.
11:27 of 1st period - Shot Misses the Net.
11:29 of 1st period - Shot by Steve Ott.
11:29 of 1st period - Shot Misses the Net.
11:46 of 1st period - Icing by John-Michael Liles.
11:47 of 1st period - Jack Eichel wins face-off versus Jason Spezza in BlackHawks zone.
11:47 of 1st period - Jack Eichel is hit by Tanner Pearson.
12:03 of 1st period - Shot by Shane Doan.
12:03 of 1st period - Stopped by James Reimer without a rebound.
12:04 of 1st period - Peter Holland wins face-off versus Alex Galchenyuk in Wild zone.
12:37 of 1st period - Peter Holland is hit by Alex Galchenyuk and loses puck.
12:44 of 1st period - Shot by Alex Galchenyuk.
12:44 of 1st period - Shot Misses the Net.
12:46 of 1st period - Shot by Artemi Panarin.
12:46 of 1st period - Stopped by James Reimer without a rebound.
12:47 of 1st period - Jack Eichel wins face-off versus Jason Spezza in Wild zone.
12:47 of 1st period - Shane Doan is hit by Mark Streit and loses puck.
12:53 of 1st period - Jason Spezza is hit by Adam McQuaid and loses puck.
12:56 of 1st period - Shot by Kyle Okposo.
12:56 of 1st period - Shot Blocked by Olli Maatta.
13:08 of 1st period - Shot by Kyle Okposo.
13:08 of 1st period - Shot Misses the Net.
13:10 of 1st period - Shot by Kyle Okposo.
13:10 of 1st period - Shot Misses the Net.
13:24 of 1st period - Icing by Olli Maatta.
13:25 of 1st period - Eric Staal wins face-off versus Jack Eichel in BlackHawks zone.
14:24 of 1st period - Icing by Alexander Edler.
14:25 of 1st period - Eric Staal wins face-off versus Alex Galchenyuk in Wild zone.
14:29 of 1st period - Icing by Jason Pominville.
14:30 of 1st period - Eric Staal wins face-off versus Sam Bennett in Wild zone.
14:30 of 1st period - Eric Staal is hit by Tom Wilson.
15:23 of 1st period - Jason Spezza is hit by Dion Phaneuf.
15:53 of 1st period - Shot by Alex Galchenyuk.
15:53 of 1st period - Stopped by James Reimer without a rebound.
15:54 of 1st period - Peter Holland wins face-off versus Steve Ott in Wild zone.
15:54 of 1st period - Dennis Wideman is hit by Michael McCarron and loses puck.
16:03 of 1st period - Shot by Dustin Brown.
16:03 of 1st period - Goal by Dustin Brown - Wild : 1 - BlackHawks : 1.
16:04 of 1st period - Markus Granlund wins face-off versus Phil Kessel in neutral zone.
16:35 of 1st period - Icing by Artemi Panarin.
16:36 of 1st period - Alex Galchenyuk wins face-off versus Eric Staal in BlackHawks zone.
17:19 of 1st period - Shot by Jason Pominville.
17:19 of 1st period - Deflect By Eric Staal.
17:19 of 1st period - Stopped by Craig Anderson without a rebound.
17:20 of 1st period - Jason Spezza wins face-off versus Steve Ott in BlackHawks zone.
17:45 of 1st period - Icing by Kyle Okposo.
17:46 of 1st period - Jason Spezza wins face-off versus Jack Eichel in Wild zone.
17:48 of 1st period - Icing by Kyle Okposo.
17:49 of 1st period - Patrik Elias wins face-off versus Jason Spezza in Wild zone.
18:15 of 1st period - Icing by Jeff Petry.
18:16 of 1st period - Jason Chimera wins face-off versus Jason Spezza in Wild zone.
18:56 of 1st period - Shot by Eric Staal.
18:56 of 1st period - Shot Misses the Net.
18:58 of 1st period - Shot by Eric Staal.
18:58 of 1st period - Shot Blocked by Dion Phaneuf.
19:00 of 1st period - Shot by Carl Gunnarsson.
19:00 of 1st period - Stopped by Craig Anderson without a rebound.
19:01 of 1st period - Peter Holland wins face-off versus Alex Galchenyuk in BlackHawks zone.
19:10 of 1st period - Shot by Sven Baertschi.
19:10 of 1st period - Stopped by Craig Anderson without a rebound.
19:11 of 1st period - Jack Eichel wins face-off versus Jason Pominville in BlackHawks zone.
19:19 of 1st period - Minor Penalty to Eric Staal for Hooking.
19:20 of 1st period - Alex Galchenyuk wins face-off versus Markus Granlund in Wild zone.
19:31 of 1st period - Shot by Phil Kessel.
19:31 of 1st period - Shot Misses the Net.
19:45 of 1st period - Shot by Artemi Panarin.
19:45 of 1st period - Deflect By Alex Galchenyuk.
19:45 of 1st period - Stopped by James Reimer with a rebound.
19:47 of 1st period - Shot by Olli Maatta.
19:47 of 1st period - Stopped by James Reimer without a rebound.
19:48 of 1st period - Markus Granlund wins face-off versus Patrik Elias in Wild zone.
19:48 of 1st period - Dennis Wideman is hit by Sam Bennett and loses puck.
19:55 of 1st period - Shot by Sam Bennett.
19:55 of 1st period - Shot Misses the Net.
19:57 of 1st period - Shot by Kris Letang.
19:57 of 1st period - Goal by Kris Letang - Wild : 1 - BlackHawks : 2.
19:58 of 1st period - Eric Staal wins face-off versus Steve Ott in neutral zone.
Goals for this period are 1 for Wild vs 2 for BlackHawks.
Shots for this period are 12 for Wild vs 15 for BlackHawks.

2nd period


0:01 of 2nd period - Alex Galchenyuk wins face-off versus Jason Spezza in neutral zone.
0:07 of 2nd period - Icing by Carl Gunnarsson.
0:08 of 2nd period - Alex Galchenyuk wins face-off versus Jason Spezza in Wild zone.
0:15 of 2nd period - Shot by Adam McQuaid.
0:15 of 2nd period - Stopped by James Reimer with a rebound.
1:01 of 2nd period - Icing by Artemi Panarin.
1:02 of 2nd period - Artemi Panarin wins face-off versus Eric Staal in BlackHawks zone.
1:07 of 2nd period - Shot by Eric Staal.
1:07 of 2nd period - Stopped by Craig Anderson with a rebound.
1:35 of 2nd period - Off-side.
1:36 of 2nd period - Steve Ott wins face-off versus Dustin Brown in neutral zone.
1:56 of 2nd period - Minor Penalty to Steve Ott for High sticking.
1:57 of 2nd period - Jason Spezza wins face-off versus Tom Wilson in BlackHawks zone.
1:59 of 2nd period - Kyle Okposo is hit by Kris Letang.
4:05 of 2nd period - Dennis Wideman is hit by Michael McCarron and loses puck.
4:20 of 2nd period - Shot by Michael McCarron.
4:20 of 2nd period - Shot Misses the Net.
4:22 of 2nd period - Shot by John-Michael Liles.
4:22 of 2nd period - Shot Blocked by Dustin Brown.
4:24 of 2nd period - Shot by John-Michael Liles.
4:24 of 2nd period - Shot Blocked by Dennis Wideman.
5:11 of 2nd period - Shane Doan is hit by Alexander Edler and loses puck.
6:26 of 2nd period - Dion Phaneuf is hit by Eric Staal and loses puck.
7:13 of 2nd period - Shot by Jason Chimera.
7:13 of 2nd period - Stopped by James Reimer without a rebound.
7:14 of 2nd period - Jason Spezza wins face-off versus Alex Galchenyuk in Wild zone.
7:18 of 2nd period - Off-side.
7:19 of 2nd period - Alex Galchenyuk wins face-off versus Jason Spezza in neutral zone.
7:29 of 2nd period - Artemi Panarin is hit by Kyle Okposo and loses puck.
7:44 of 2nd period - Shot by Phil Kessel.
7:44 of 2nd period - Stopped by James Reimer without a rebound.
7:45 of 2nd period - Sam Bennett wins face-off versus Eric Staal in Wild zone.
7:50 of 2nd period - Shot by Jason Chimera.
7:50 of 2nd period - Goal by Jason Chimera - Wild : 1 - BlackHawks : 3.
7:51 of 2nd period - Marian Gaborik wins face-off versus Sam Bennett in neutral zone.
8:08 of 2nd period - Icing by Mark Streit.
8:09 of 2nd period - Alex Galchenyuk wins face-off versus Eric Staal in Wild zone.
8:26 of 2nd period - Shot by Phil Kessel.
8:26 of 2nd period - Stopped by James Reimer without a rebound.
8:27 of 2nd period - Jason Spezza wins face-off versus Sam Bennett in Wild zone.
8:27 of 2nd period - Tanner Pearson is hit by Tom Wilson.
8:47 of 2nd period - Alexander Edler is hit by Tom Wilson and loses puck.
9:36 of 2nd period - Shot by Alex Galchenyuk.
9:36 of 2nd period - Shot Blocked by Mark Streit.
9:38 of 2nd period - Shot by Phil Kessel.
9:38 of 2nd period - Stopped by James Reimer with a rebound.
9:40 of 2nd period - Shot by Alex Galchenyuk.
9:40 of 2nd period - Shot Misses the Net.
9:46 of 2nd period - Shot by Artemi Panarin.
9:46 of 2nd period - Deflect By Alex Galchenyuk.
9:46 of 2nd period - Shot Blocked by Jeff Petry.
9:49 of 2nd period - Phil Kessel is hit by Jeff Petry.
10:21 of 2nd period - Shot by Shane Doan.
10:21 of 2nd period - Shot Misses the Net.
10:24 of 2nd period - Shane Doan is hit by Jeff Petry and loses puck.
10:33 of 2nd period - Shot by Jack Eichel.
10:33 of 2nd period - Stopped by James Reimer with a rebound.
10:35 of 2nd period - Shot by Shane Doan.
10:35 of 2nd period - Shot Misses the Net.
10:43 of 2nd period - Shot by Shane Doan.
10:43 of 2nd period - Stopped by James Reimer without a rebound.
10:44 of 2nd period - Steve Ott wins face-off versus Jason Spezza in Wild zone.
11:45 of 2nd period - Sven Baertschi is hit by Sam Bennett and loses puck.
12:04 of 2nd period - Shot by Sam Bennett.
12:04 of 2nd period - Stopped by James Reimer without a rebound.
12:05 of 2nd period - Markus Granlund wins face-off versus Alex Galchenyuk in Wild zone.
12:05 of 2nd period - Markus Granlund is hit by Artemi Panarin.
12:47 of 2nd period - Shot by Alex Galchenyuk.
12:47 of 2nd period - Goal by Alex Galchenyuk - Wild : 1 - BlackHawks : 4.
12:48 of 2nd period - Jack Eichel wins face-off versus Eric Staal in neutral zone.
12:53 of 2nd period - Eric Staal is hit by Shane Doan.
13:10 of 2nd period - Icing by Jason Pominville.
13:11 of 2nd period - Sam Bennett wins face-off versus Eric Staal in Wild zone.
13:30 of 2nd period - Jason Pominville is hit by Adam McQuaid and loses puck.
14:09 of 2nd period - Shot by Shane Doan.
14:09 of 2nd period - Shot Misses the Net.
14:11 of 2nd period - Shot by Shane Doan.
14:11 of 2nd period - Shot Blocked by Jeff Petry.
14:17 of 2nd period - Shot by Shane Doan.
14:17 of 2nd period - Stopped by James Reimer without a rebound.
14:18 of 2nd period - Phil Kessel wins face-off versus Jason Spezza in Wild zone.
14:37 of 2nd period - Shot by Alex Galchenyuk.
14:37 of 2nd period - Shot Misses the Net.
15:02 of 2nd period - Icing by Tanner Pearson.
15:03 of 2nd period - Jack Eichel wins face-off versus Jason Spezza in Wild zone.
15:09 of 2nd period - Kyle Okposo is hit by Kris Letang and loses puck.
15:48 of 2nd period - Shot by Shane Doan.
15:48 of 2nd period - Shot Misses the Net.
15:49 of 2nd period - Minor Penalty to Shane Doan for Goalie Interference.
15:50 of 2nd period - Steve Ott wins face-off versus Eric Staal in BlackHawks zone.
16:01 of 2nd period - Tom Wilson is hit by Eric Staal.
16:58 of 2nd period - Shot by Tanner Pearson.
16:58 of 2nd period - Goal by Tanner Pearson - Wild : 2 - BlackHawks : 4.
16:59 of 2nd period - Peter Holland wins face-off versus Alex Galchenyuk in neutral zone.
17:30 of 2nd period - Shot by Artemi Panarin.
17:30 of 2nd period - Stopped by James Reimer without a rebound.
17:31 of 2nd period - Kyle Okposo wins face-off versus Jack Eichel in Wild zone.
17:42 of 2nd period - Tanner Pearson is hit by Shane Doan and loses puck.
17:47 of 2nd period - Shot by Patrik Elias.
17:47 of 2nd period - Stopped by James Reimer without a rebound.
17:48 of 2nd period - Eric Staal wins face-off versus Sam Bennett in Wild zone.
17:48 of 2nd period - Eric Staal is hit by Tom Wilson.
17:55 of 2nd period - Minor Penalty to Tom Wilson for Interference.
17:56 of 2nd period - Steve Ott wins face-off versus Jason Spezza in BlackHawks zone.
18:05 of 2nd period - Shot by Jason Spezza.
18:05 of 2nd period - Shot Misses the Net.
18:07 of 2nd period - Shot by Kyle Okposo.
18:07 of 2nd period - Shot Misses the Net.
18:31 of 2nd period - Shot by Kyle Okposo.
18:31 of 2nd period - Deflect By Jason Spezza.
18:31 of 2nd period - Shot Misses the Net.
18:51 of 2nd period - Shot by Eric Staal.
18:51 of 2nd period - Shot Misses the Net.
18:53 of 2nd period - Shot by Eric Staal.
18:53 of 2nd period - Stopped by Craig Anderson without a rebound.
18:54 of 2nd period - Eric Staal wins face-off versus Trevor Lewis in BlackHawks zone.
19:02 of 2nd period - Eric Staal is hit by Dion Phaneuf and loses puck.
19:18 of 2nd period - Off-side.
19:19 of 2nd period - Trevor Lewis wins face-off versus Jason Spezza in neutral zone.
19:24 of 2nd period - Shot by Deryk Engelland.
19:24 of 2nd period - Shot Misses the Net.
19:30 of 2nd period - Shot by Tanner Pearson.
19:30 of 2nd period - Shot Misses the Net.
19:32 of 2nd period - Shot by Alexander Edler.
19:32 of 2nd period - Shot Blocked by Dion Phaneuf.
Goals for this period are 1 for Wild vs 2 for BlackHawks.
Shots for this period are 3 for Wild vs 13 for BlackHawks.

3rd period


0:01 of 3rd period - Sam Bennett wins face-off versus Jason Spezza in neutral zone.
0:20 of 3rd period - Shot by Jason Spezza.
0:20 of 3rd period - Shot Misses the Net.
0:22 of 3rd period - Shot by Carl Gunnarsson.
0:22 of 3rd period - Shot Misses the Net.
0:42 of 3rd period - Shot by Sam Bennett.
0:42 of 3rd period - Stopped by James Reimer without a rebound.
0:43 of 3rd period - Eric Staal wins face-off versus Alex Galchenyuk in Wild zone.
0:43 of 3rd period - Eric Staal is hit by Adam McQuaid.
1:59 of 3rd period - Shot by Peter Holland.
1:59 of 3rd period - Stopped by Craig Anderson without a rebound.
2:00 of 3rd period - Tanner Pearson wins face-off versus Sam Bennett in BlackHawks zone.
2:05 of 3rd period - Shot by Jason Spezza.
2:05 of 3rd period - Shot Blocked by Dion Phaneuf.
2:14 of 3rd period - Kris Letang is hit by Alexander Edler.
2:28 of 3rd period - Shot by Jason Chimera.
2:28 of 3rd period - Shot Misses the Net.
2:30 of 3rd period - Shot by Tom Wilson.
2:30 of 3rd period - Deflect By Sam Bennett.
2:30 of 3rd period - Shot Misses the Net.
2:32 of 3rd period - Shot by Tom Wilson.
2:32 of 3rd period - Shot Misses the Net.
2:53 of 3rd period - Kris Letang is hit by Alex Biega and loses puck.
3:49 of 3rd period - Icing by John-Michael Liles.
3:50 of 3rd period - Eric Staal wins face-off versus Patrik Elias in BlackHawks zone.
3:56 of 3rd period - Icing by Deryk Engelland.
3:57 of 3rd period - Jack Eichel wins face-off versus Kyle Okposo in BlackHawks zone.
4:40 of 3rd period - Off-side.
4:41 of 3rd period - Eric Staal wins face-off versus Alex Galchenyuk in neutral zone.
4:47 of 3rd period - Alex Galchenyuk is hit by Jeff Petry and loses puck.
5:01 of 3rd period - Icing by Mark Streit.
5:02 of 3rd period - Eric Staal wins face-off versus Sam Bennett in Wild zone.
5:09 of 3rd period - Shot by Jason Pominville.
5:09 of 3rd period - Stopped by Craig Anderson without a rebound.
5:10 of 3rd period - Peter Holland wins face-off versus Alex Galchenyuk in BlackHawks zone.
5:19 of 3rd period - Shot by Sven Baertschi.
5:19 of 3rd period - Stopped by Craig Anderson without a rebound.
5:20 of 3rd period - Eric Staal wins face-off versus Steve Ott in BlackHawks zone.
5:38 of 3rd period - Off-side.
5:39 of 3rd period - Jason Spezza wins face-off versus Shane Doan in neutral zone.
5:39 of 3rd period - Kyle Okposo is hit by Shane Doan.
5:42 of 3rd period - Carl Gunnarsson is hit by Kris Letang and loses puck.
5:47 of 3rd period - Shot by Kyle Okposo.
5:47 of 3rd period - Shot Misses the Net.
5:49 of 3rd period - Shot by Tanner Pearson.
5:49 of 3rd period - Shot Blocked by Dion Phaneuf.
6:00 of 3rd period - Shot by Kyle Okposo.
6:00 of 3rd period - Stopped by Craig Anderson without a rebound.
6:01 of 3rd period - Eric Staal wins face-off versus Alex Galchenyuk in BlackHawks zone.
6:01 of 3rd period - Jason Pominville is hit by Adam McQuaid and loses puck.
6:16 of 3rd period - Shot by Phil Kessel.
6:16 of 3rd period - Shot Blocked by Mark Streit.
6:30 of 3rd period - Shot by Jason Pominville.
6:30 of 3rd period - Stopped by Craig Anderson with a rebound.
6:32 of 3rd period - Shot by Marian Gaborik.
6:32 of 3rd period - Shot Misses the Net.
6:34 of 3rd period - Shot by Jeff Petry.
6:34 of 3rd period - Shot Blocked by Adam McQuaid.
6:36 of 3rd period - Shot by Jason Pominville.
6:36 of 3rd period - Stopped by Craig Anderson without a rebound.
6:37 of 3rd period - Sam Bennett wins face-off versus Jason Spezza in BlackHawks zone.
6:48 of 3rd period - Shot by Tom Wilson.
6:48 of 3rd period - Shot Blocked by Alexander Edler.
7:02 of 3rd period - Shot by Sam Bennett.
7:02 of 3rd period - Shot Misses the Net.
7:04 of 3rd period - Shot by Tom Wilson.
7:04 of 3rd period - Shot Blocked by Jason Spezza.
7:06 of 3rd period - Shot by Tom Wilson.
7:06 of 3rd period - Shot Misses the Net.
7:08 of 3rd period - Shot by Sam Bennett.
7:08 of 3rd period - Stopped by James Reimer without a rebound.
7:09 of 3rd period - Peter Holland wins face-off versus Jack Eichel in Wild zone.
7:40 of 3rd period - Shot by Sven Baertschi.
7:40 of 3rd period - Stopped by Craig Anderson without a rebound.
7:41 of 3rd period - Eric Staal wins face-off versus Alex Galchenyuk in BlackHawks zone.
8:06 of 3rd period - Shot by Artemi Panarin.
8:06 of 3rd period - Shot Blocked by Carl Gunnarsson.
8:15 of 3rd period - Icing by Carl Gunnarsson.
8:16 of 3rd period - Eric Staal wins face-off versus Steve Ott in Wild zone.
8:16 of 3rd period - Eric Staal is hit by Michael McCarron.
9:01 of 3rd period - Minor Penalty to Michael McCarron for Diving.
9:02 of 3rd period - Steve Ott wins face-off versus Kyle Okposo in BlackHawks zone.
9:02 of 3rd period - Steve Ott is hit by Tanner Pearson.
9:16 of 3rd period - Shot by Taylor Fedun.
9:16 of 3rd period - Stopped by Craig Anderson without a rebound.
9:17 of 3rd period - Steve Ott wins face-off versus Jason Spezza in BlackHawks zone.
9:28 of 3rd period - Shot by Tanner Pearson.
9:28 of 3rd period - Shot Misses the Net.
9:30 of 3rd period - Shot by Taylor Fedun.
9:30 of 3rd period - Stopped by Craig Anderson without a rebound.
9:31 of 3rd period - Tom Wilson wins face-off versus Jason Spezza in BlackHawks zone.
10:19 of 3rd period - Icing by Eric Staal.
10:20 of 3rd period - Eric Staal wins face-off versus Trevor Lewis in Wild zone.
11:09 of 3rd period - Shot by Shane Doan.
11:09 of 3rd period - Shot Misses the Net.
11:33 of 3rd period - Shot by Jack Eichel.
11:33 of 3rd period - Deflect By Patrik Elias.
11:33 of 3rd period - Stopped by James Reimer without a rebound.
11:34 of 3rd period - Alex Galchenyuk wins face-off versus Jason Spezza in Wild zone.
12:06 of 3rd period - Off-side.
12:07 of 3rd period - Sam Bennett wins face-off versus Markus Granlund in neutral zone.
12:32 of 3rd period - Markus Granlund is hit by Deryk Engelland and loses puck.
12:45 of 3rd period - Jason Chimera is hit by Markus Granlund and loses puck.
13:00 of 3rd period - Mason Raymond is hit by Shane Doan and loses puck.
13:14 of 3rd period - Off-side.
13:15 of 3rd period - Alex Galchenyuk wins face-off versus Jason Spezza in neutral zone.
13:31 of 3rd period - Off-side.
13:32 of 3rd period - Eric Staal wins face-off versus Jack Eichel in neutral zone.
13:32 of 3rd period - Jason Pominville is hit by Shane Doan and loses puck.
13:39 of 3rd period - Shot by Jack Eichel.
13:39 of 3rd period - Shot Misses the Net.
13:50 of 3rd period - Minor Penalty to Shane Doan for Holding.
13:51 of 3rd period - Jason Spezza wins face-off versus Steve Ott in BlackHawks zone.
13:51 of 3rd period - Jason Spezza is hit by Kris Letang.
14:11 of 3rd period - Shot by Tanner Pearson.
14:11 of 3rd period - Shot Blocked by Adam McQuaid.
14:13 of 3rd period - Shot by Taylor Fedun.
14:13 of 3rd period - Deflect By Kyle Okposo.
14:13 of 3rd period - Shot Misses the Net.
14:15 of 3rd period - Shot by Tanner Pearson.
14:15 of 3rd period - Stopped by Craig Anderson without a rebound.
14:16 of 3rd period - Trevor Lewis wins face-off versus Eric Staal in BlackHawks zone.
14:25 of 3rd period - Olli Maatta is hit by Eric Staal and loses puck.
14:37 of 3rd period - Icing by Marian Gaborik.
14:38 of 3rd period - Steve Ott wins face-off versus Eric Staal in Wild zone.
15:49 of 3rd period - Shot by Kyle Okposo.
15:49 of 3rd period - Stopped by Craig Anderson without a rebound.
15:50 of 3rd period - Peter Holland wins face-off versus Jack Eichel in BlackHawks zone.
15:53 of 3rd period - Shot by Peter Holland.
15:53 of 3rd period - Shot Blocked by Dion Phaneuf.
15:55 of 3rd period - Shot by Dustin Brown.
15:55 of 3rd period - Stopped by Craig Anderson with a rebound.
15:57 of 3rd period - Shot by Dennis Wideman.
15:57 of 3rd period - Stopped by Craig Anderson with a rebound.
15:59 of 3rd period - Shot by Sven Baertschi.
15:59 of 3rd period - Stopped by Craig Anderson with a rebound.
16:19 of 3rd period - Dustin Brown is hit by Shane Doan and loses puck.
16:39 of 3rd period - Icing by Kris Letang.
16:40 of 3rd period - Jack Eichel wins face-off versus Eric Staal in BlackHawks zone.
16:40 of 3rd period - Jack Eichel is hit by Eric Staal.
17:01 of 3rd period - Icing by Olli Maatta.
17:02 of 3rd period - Jason Spezza wins face-off versus Tom Wilson in BlackHawks zone.
17:22 of 3rd period - Mark Streit is hit by Tom Wilson and loses puck.
17:26 of 3rd period - Icing by Mark Streit.
17:27 of 3rd period - Alex Galchenyuk wins face-off versus Jason Spezza in Wild zone.
17:27 of 3rd period - John-Michael Liles is hit by Jeff Petry and loses puck.
17:33 of 3rd period - Minor Penalty to Kyle Okposo for Hooking.
17:34 of 3rd period - Markus Granlund wins face-off versus Alex Galchenyuk in Wild zone.
17:34 of 3rd period - Markus Granlund is hit by Alex Galchenyuk.
17:59 of 3rd period - Shot by Phil Kessel.
17:59 of 3rd period - Shot Blocked by Carl Gunnarsson.
18:01 of 3rd period - Shot by Phil Kessel.
18:01 of 3rd period - Shot Blocked by Mason Raymond.
18:20 of 3rd period - Off-side.
18:21 of 3rd period - Markus Granlund wins face-off versus Jack Eichel in neutral zone.
18:35 of 3rd period - Jeff Petry is hit by Patrik Elias.
18:58 of 3rd period - Jack Eichel is hit by Alex Biega and loses puck.
Goals for this period are 0 for Wild vs 0 for BlackHawks.
Shots for this period are 14 for Wild vs 3 for BlackHawks.